 Dungeon Crawl Stone Soup version 0.18.1-8-gdd0e5ea (webtiles) character file.

0 Gargoyl the Skirmisher (level 1, -4/18 HPs)
             Began as a Demonspawn Abyssal Knight on May 26, 2016.
             Was a Follower of Lugonu.
             Slain by an ancient zyme (7 damage)
             ... on level 2 of the Abyss.
             The game lasted 00:00:50 (149 turns).

Gargoyl the Skirmisher (Demonspawn Abyssal Knight)   Turns: 149, Time: 00:00:51

Health: -4/18      AC:  3    Str: 12    XL:     1   Next: 0%
Magic:  2/2        EV: 11    Int: 13    God:    Lugonu [*.....]
Gold:   0          SH:  0    Dex: 12    Spells: 0 memorised, 0 levels left

rFire  . . .     SeeInvis .     a - +1 hand axe
rCold  . . .     Gourm    .     b - +0 leather armour
rNeg   . . .     Faith    .     (no shield)
rPois  .         Spirit   .     (no helmet)
rElec  .         Dismiss  .     (no cloak)
rCorr  .         Reflect  .     (no gloves)
SustAt .         Harm     .     (no boots)
MR     .....     Rnd*Tele +     (no amulet)
Stlth  +.........               (no ring)
                                (no ring)

@: non-regenerating, diseased, not resistant to hostile enchantments, very
unstealthy
A: teleportitis 1
a: Depart the Abyss, Renounce Religion


You were on level 2 of the Abyss.
You worshipped Lugonu.
Lugonu was aware of your devotion.
You were not hungry.

You visited 0 branches of the dungeon, and saw 0 of its levels.
You visited the Abyss 1 time.

Inventory:

Hand Weapons
 a - a +1 hand axe (weapon)
Armour
 b - a +0 leather armour (worn)
Comestibles
 c - a bread ration


   Skills:
 + Level 3.0 Fighting
 + Level 1.7 Axes
 + Level 1.7 Armour
 + Level 0.8 Dodging
 + Level 2.4 Invocations


You couldn't memorise any spells.
You didn't know any spells.

Dungeon Overview and Level Annotations

Branches:
Dungeon (0/15)

Altars:


Innate Abilities, Weirdness & Mutations

You are occasionally teleported next to monsters.


Message History

A tentacle flies out from the starspawn's body!
A starspawn tentacle comes into view.
The flayed ghost cries, "Suffer as I suffered!"
A starspawn tentacle comes into view.
A flying skull comes into view.
The flayed ghost cries, "Suffer as I suffered!"
The flayed ghost stares at you with tortured malice.
You feel yourself growing ill in the presence of the ancient zyme.
An ancient zyme comes into view.
You feel ill.
A wretched star comes into view.
You feel ill. The ancient zyme barely misses you. The ancient zyme hits you.
* * * LOW HITPOINT WARNING * * *
Unknown command.
You closely miss the wretched star. You hit the ancient zyme.
The ancient zyme is lightly damaged.
The ancient zyme hits you but does no damage.
The ancient zyme hits you!
You die...

.....##....##
.#. #
.....##...X#
##..#
...........####
# ## #.
..............#
# ##..
.........W.#####
# ..#
............#..#
#W# #
.............#
## .... .
......x....# #
.#โ”‚
.....##..@.##.#
w#w. .....
#..*.# # . ...
............# #.
#.# ...........#
# .........## #
.......### . โ‰ˆ
...##.. ยง.โ‰ˆ#
.#. .#. #.. #.#.
.


You could see a tentacled starspawn, a wretched star, a flayed ghost and an
ancient zyme.

Vanquished Creatures (others)
  8 starspawn tentacles (Abyss:2)
  29 starspawn tentacle segments (Abyss:2)
37 creatures vanquished.

Notes
Turn   | Place    | Note
--------------------------------------------------------------
     0 | Abyss:1  | Gargoyl the Demonspawn Abyssal Knight began the quest for the Orb.
     0 | Abyss:1  | Reached XP level 1. HP: 18/18 MP: 2/2
    26 | Abyss:2  | Found a corrupted altar of Lugonu.
    30 | Abyss:2  | Noticed a neqoxec
    30 | Abyss:2  | Noticed an ancient zyme
    30 | Abyss:2  | Noticed a spatial maelstrom
    30 | Abyss:2  | Gained mutation: You are occasionally teleported next to monsters. [a neqoxec]
    34 | Abyss:2  | Noticed a large abomination
    35 | Abyss:2  | Noticed a spatial vortex
    46 | Abyss:2  | Noticed a spatial vortex
    47 | Abyss:2  | Noticed a spatial vortex
    50 | Abyss:2  | Noticed a spatial vortex
    74 | Abyss:2  | Found a corrupted altar of Lugonu.
    95 | Abyss:2  | Noticed a tentacled starspawn
   109 | Abyss:2  | Noticed a flayed ghost
   131 | Abyss:2  | Noticed a flying skull
   142 | Abyss:2  | Noticed an ancient zyme
   146 | Abyss:2  | Noticed a wretched star
   149 | Abyss:2  | Slain by an ancient zyme

Action                   || total
-------------------------++-------
Melee: Hand axe          ||     2
Armor: Leather armour    ||     1
Dodge: Dodged            ||     4
